 Dungeon Crawl Stone Soup version 0.24.1-14-gf8d2b509d9 (webtiles) character file.

Game seed: 2075151895422177439, levelgen mode: deterministic

27 Orenthal the Ducker (level 3, -2/28 (30) HPs)
             Began as a Ghoul Gladiator on Dec 25, 2022.
             Slain by a quokka (3 damage)
             ... on level 4 of the Dungeon.
             The game lasted 00:02:31 (341 turns).

Orenthal the Ducker (Ghoul Gladiator)                Turns: 341, Time: 00:02:32

HP:   -2/28 (30)    AC:  4    Str: 18    XL:     3   Next: 10%
MP:   2/2           EV: 12    Int:  3    God:
Gold: 11            SH:  0    Dex: 10    Spells: 2/2 levels left

rFire    + . .     SeeInvis .   a - +0 long sword
rCold    + + .     Gourm    .   (no shield)
rNeg     + + +     Faith    .   b - +0 leather armour
rPois    ∞         Spirit   .   c - +0 helmet
rElec    +         Reflect  .   (no cloak)
rCorr    +         Harm     .   (no gloves)
MR       .....                  (no boots)
Stlth    +.........             (no amulet)
HPRegen  0.00/turn              (no ring)
MPRegen  0.08/turn              (no ring)

@: resistant, rotting
A: rotting body, claws 1, carnivore, cold resistance 1, negative energy
resistance 3, inhibited regeneration, torment resistance, unbreathing
a: no special abilities


You were on level 4 of the Dungeon.
You were not hungry.

You visited 1 branch of the dungeon, and saw 4 of its levels.

You collected 11 gold pieces.

Inventory:

Hand Weapons
 a - a +0 long sword (weapon)
Missiles
 d - 3 throwing nets (quivered)
Armour
 b - a +0 leather armour (worn)
 c - a +0 helmet (worn)
Jewellery
 h - a +2 ring of intelligence {unknown}
 j - a +2 ring of strength {unknown}
Scrolls
 e - a scroll of blinking {unknown}
 g - a scroll of enchant armour {unknown}
Comestibles
 f - 3 rations


   Skills:
 + Level 2.3 Fighting
 + Level 3.1 Long Blades
 + Level 2.1 Throwing
 + Level 0.1 Armour
 + Level 3.1 Dodging


You had 2 spell levels left.
You didn't know any spells.
Your spell library was empty.

Dungeon Overview and Level Annotations

Branches:
Dungeon (4/15)
 Temple: D:4-7

Altars:


Innate Abilities, Weirdness & Mutations

Your body is rotting away.
You thrive on raw meat.
You are immune to poison.
You have sharp fingernails.
You are carnivorous and can eat meat at any time.
Your flesh is cold resistant. (rC+)
You are immune to negative energy. (rN+++)
You do not regenerate when monsters are visible.
You are immune to unholy pain and torment.
You can survive without breathing.


Message History

The jackal misses you.
You riposte.
You closely miss the jackal.
It was a potion of resistance.
You feel protected. The quokka completely misses you.
You riposte.
You hit the quokka.
The quokka is severely wounded.
The quokka barely misses you. The jackal bites you.
* * * LOW HITPOINT WARNING * * *
The jackal bites you but does no damage.
The quokka barely misses you.
The quokka bites you but does no damage.
It was a potion of berserk rage.
You cannot raise a blood rage in your lifeless body.
The jackal bites you but does no damage.
The jackal barely misses you.
You riposte.
You hit the jackal.
The jackal is severely wounded.
The jackal barely misses you.
You riposte.
You hit the jackal but do no damage.
The jackal is moderately wounded.
The quokka bites you but does no damage.
The quokka bites you.
You die...

........###
..........
<........#
####........$
..........#
..###........#
.............#
#r<.....#.
#@r.....§.
#hh.....§.
#........§
######.##§ .#
#


You could see 2 quokkas and 2 jackals.

Vanquished Creatures
  An adder (D:3)
  An orc (D:3)
  2 bats (D:1)
  A giant cockroach (D:3)
  2 goblins (D:2)
  2 hobgoblins
  A jackal (D:4)
  A frilled lizard (D:1)
  3 kobolds
  2 rats (D:1)
16 creatures vanquished.

Notes
Turn   | Place    | Note
-------+----------+-------------------------------------------
     0 | D:1      | Orenthal the Ghoul Gladiator began the quest for the Orb.
     0 | D:1      | Reached XP level 1. HP: 17/17 MP: 0/0
   121 | D:2      | Reached XP level 2. HP: 23/24 MP: 1/1
   241 | D:3      | Reached XP level 3. HP: 19/28 MP: 2/2
   340 | D:4      | HP: 1/28 [jackal (1)]
   341 | D:4      | Slain by a quokka

Levels and vault maps discovered:
D:1:      dpeg_arrival_boxes_within_box, layout_basic, serial_curves,
          eino_curves_02, eino_curves_04, grunt_decor_mini_mirrors
D:2:      layout_rooms, uniq_jessica, uniq_terence
D:3:      layout_loops_ring, elyvilon_altar_1, first_ration, uniq_sigmund,
          uniq_natasha, uniq_crazy_yiuf_cottage
D:4:      layout_rooms, nicolae_ossuary_entry_monument, serial_shops, shop,
          shop, nicolae_dithmenos_the_darkroom

Skill      XL: |  1  2 |
---------------+-------+-----
Dodging        | 3 |  3.1
Throwing       | 2 |  2.1
Long Blades    | 3 |  3.1
Fighting       | |  2.3
Armour         | |  0.1

Action                   || total
-------------------------++-------
Melee: Long sword        ||    44
  Use: Potion            ||     2
Armor: Leather armour    ||    23
Dodge: Dodged            ||    50
       Rpst.: Long sword ||    16
